 Dungeon Crawl Stone Soup version 0.25.0-9-g26727b657a (webtiles) character file.

Game seed: 17414286276627730153

6293 nikku the Thaumaturge (level 10, 0/55 HPs)
             Began as a Deep Elf Conjurer on June 19, 2020.
             Was a High Priest of Dithmenos.
             Slain by a crocodile (8 damage)
             ... on level 10 of the Dungeon.
             The game lasted 00:37:25 (11839 turns).

nikku the Thaumaturge (Deep Elf Conjurer)          Turns: 11839, Time: 00:37:26

Health: 0/55       AC: 10    Str:  5    XL:     10   Next: 63%
Magic:  1/28       EV: 14    Int: 26    God:    Dithmenos [*****.]
Gold:   440        SH:  7    Dex: 13    Spells: 22/33 levels left

rFire    . . .     SeeInvis .   l - +2 short sword (venom)
rCold    . . .     Gourm    .   s - +0 kite shield
rNeg     + . .     Faith    +   x - +2 robe {rN+}
rPois    .         Spirit   .   (no helmet)
rElec    .         Reflect  .   (no cloak)
rCorr    .         Harm     .   o - +1 pair of gloves {archery}
MR       +....                  j - +0 pair of boots
Stlth    +++++.....             f - amulet of faith
HPRegen  0.18/turn              e - ring of stealth
MPRegen  0.21/turn              n - +4 ring of evasion

@: wreathed by umbra
A: molten scales 1, rugged brown scales 1, clever 1, clumsy 1
a: Shadow Step, Shadow Form, Renounce Religion


You were on level 10 of the Dungeon.
You worshipped Dithmenos.
Dithmenos was extremely pleased with you.
You were hungry.

You visited 1 branch of the dungeon, and saw 10 of its levels.

You collected 543 gold pieces.
You spent 103 gold pieces at shops.

Inventory:

Hand Weapons
 l - a +2 short sword of venom (weapon)
Missiles
 k - 22 poisoned darts (quivered)
 v - 3 atropa-tipped darts
Armour
 j - a +0 pair of boots (worn)
 o - a +1 pair of gloves of archery (worn)
 s - a +0 kite shield (worn)
 x - a +2 robe of positive energy (worn)
Jewellery
 e - a ring of stealth (left hand)
 f - an amulet of faith (around neck)
 n - a +4 ring of evasion (right hand)
Wands
 a - a wand of random effects (16)
 t - a wand of enslavement (12)
 y - a wand of acid (8)
Scrolls
 b - 4 scrolls of teleportation
 h - 5 scrolls of amnesia
Potions
 d - a potion of cancellation
 g - a potion of resistance
 i - a potion of degeneration {unknown}
 m - a potion of might {unknown}
 p - 4 potions of lignification
 q - a potion of ambrosia {unknown}
 r - 3 potions of mutation
 w - 2 potions of curing
 z - 2 potions of heal wounds
Comestibles
 c - 23 rations
 u - 4 chunks of flesh


   Skills:
 * Level 2.6 Fighting
 - Level 2.6 Dodging
 - Level 2.4 Stealth
 * Level 2.3 Shields
 + Level 12.0 Spellcasting
 - Level 5.5 Conjurations
 + Level 10.9 Hexes
 + Level 9.3 Translocations


You had 22 spell levels left.
You knew the following spells:

 Your Spells              Type           Power        Failure   Level  Hunger
a - Magic Dart            Conj           ####         1%          1    None
b - Searing Ray           Conj           #####.       3%          2    None
c - Fulminant Prism       Conj/Hex       ######....   6%          4    None
d - Iskenderun's Mystic   Conj/Tloc      ######..     9%          4    None

Your spell library contained the following spells:

 Spells                   Type           Power        Failure   Level  Hunger
 Confusing Touch          Hex            ######..     1%          3    None
 Dazzling Flash           Conj/Hex       ######       1%          3    None
 Gell's Gravitas          Tloc           ######....   1%          3    None
 Metabolic Englaciation   Hex/Ice        #####.....   50%         5    ###....
 Yara's Violent Unravell  Hex/Tmut       #####.....   50%         5    ###....
 Petrify                  Tmut/Erth      ###.....     88%         4    None


Dungeon Overview and Level Annotations

Branches:
Dungeon (10/15)            Temple (0/1) D:5            Lair (0/6) D:10
    Orc: D:9-12

Altars:
Dithmenos
Fedhas
Hepliaklqana
Makhleb
Okawaru
Sif Muna
Vehumet
Wu Jian
Yredelemnul
The Shining One

Shops:
D:6 [   D:7 (   D:8 *([

Annotations:
D:4 exclusion: oklob plant
D:6 1 runed translucent door, LaGuigne83's ghost, novice TrMo
D:8 2 transporters, p0werm0de's ghost, novice DDFi
D:9 2 runed translucent doors, exclusion: obsidian statue


Innate Abilities, Weirdness & Mutations

You are partially covered in molten scales. (AC +2)
You are partially covered in rugged brown scales. (AC +1, +3% HP)
Your mind is acute. (Int +2)
You are clumsy. (Dex -2)


Message History

Confirm with . or Enter, or press ? or * to list all spells.
Aiming: Magic Dart (safe; 1% risk of failure)
Press: ? - help, Shift-Dir - straight line, f/p - crocodile
Aim: a crocodile (lightly wounded, umbra)
The magic dart hits the crocodile.
The crocodile is moderately wounded.
Your shadow mimicks your spell!
The shadow shard hits the crocodile!
You block the crocodile's attack. You block the elephant's attack.
The elephant trunk-slaps you.
* * * LOW HITPOINT WARNING * * *
Casting: Magic Dart (safe; 1% risk of failure)
Confirm with . or Enter, or press ? or * to list all spells.
Aiming: Magic Dart (safe; 1% risk of failure)
Press: ? - help, Shift-Dir - straight line, f/p - crocodile
Aim: a crocodile (severely wounded, umbra)
The magic dart hits the crocodile.
The crocodile is severely wounded.
You are feeling hungry.
The crocodile bites you!
You die...

.#.## ##...## ##.....##
#.......# .#
##.....P.##.# ####
#^..)........ ..#
##....t....#.# #.#
#.....@......######.###
#.....Y......##........
##.........#.##.#.....#
##..P....##.##.#.....#
#.......##.#.........
##.....##.....#.....#
##...###.).........#
#.####...##.#.#.###.###
#...............###....


You could see an elephant and a crocodile.

Vanquished Creatures
  Erolcha (D:10)
  Erica (D:8)
  Sigmund (D:6)
  A yak (D:10)
  A hungry ghost (D:7)
  Menkaure (D:6)
  Duvessa (D:6)
  An ice beast (D:5)
  2 sky beasts (D:5)
  5 orc warriors
  5 ogres
  A black bear (D:7)
  A phantom (D:6)
  A necrophage (D:9)
  5 centaurs
  3 big kobolds
  3 bullfrogs
  2 scorpions
  Dowan (D:6)
  A water moccasin skeleton (D:7)
  5 wights (D:7)
  6 killer bees (D:9)
  4 howler monkeys
  6 crimson imps
  A jelly (D:9)
  A centaur skeleton (D:5)
  7 orc priests
  A hound (D:7)
  4 orc wizards
  4 bullfrog skeletons
  7 iguanas
  9 worker ants
  A hound zombie (D:8)
  2 worker ant zombies
  A howler monkey zombie (D:9)
  5 adders
  6 gnolls
  A white imp (D:7)
  An ooze (D:4)
  2 worms (D:2)
  4 dart slugs
  3 leopard geckos
  25 orcs
  6 bats
  2 giant cockroaches (D:2)
  15 goblins
  13 hobgoblins
  6 jackals
  3 quokkas
  A ball python (D:3)
  4 frilled lizards
  A giant cockroach zombie (D:6)
  54 kobolds
  2 quokka skeletons
  A quokka zombie (D:9)
  7 rats
  A fungus (D:10)
260 creatures vanquished.

Vanquished Creatures (others)
  A hobgoblin (D:2)
  25 fulminant prisms
  2 withered plants (D:6)
28 creatures vanquished.

Grand Total: 288 creatures vanquished

Notes
Turn   | Place    | Note
-------+----------+-------------------------------------------
     0 | D:1      | nikku the Deep Elf Conjurer began the quest for the Orb.
     0 | D:1      | Reached XP level 1. HP: 10/10 MP: 6/6
   279 | D:1      | Reached XP level 2. HP: 15/15 MP: 3/8
   973 | D:2      | Reached skill level 4 in Spellcasting
  1073 | D:2      | Found an iron altar of Okawaru.
  1075 | D:2      | Reached XP level 3. HP: 19/19 MP: 8/10
  1099 | D:2      | Reached skill level 5 in Conjurations
  1347 | D:2      | Learned a level 2 spell: Searing Ray
  1467 | D:2      | Found a radiant altar of Vehumet.
  1692 | D:2      | Reached XP level 4. HP: 24/24 MP: 9/12
  2175 | D:3      | Found a shadowy altar of Dithmenos.
  2188 | D:3      | Became a worshipper of Dithmenos the Shadowed
  2237 | D:3      | Found a basalt altar of Yredelemnul.
  2322 | D:3      | Reached skill level 5 in Spellcasting
  2359 | D:3      | Learned a level 4 spell: Fulminant Prism
  2364 | D:3      | Learned a level 4 spell: Iskenderun's Mystic Blast
  2483 | D:3      | Reached skill level 1 in Hexes
  2483 | D:3      | Reached skill level 1 in Translocations
  2488 | D:3      | Reached XP level 5. HP: 28/28 MP: 6/14
  2979 | D:3      | Reached * piety under Dithmenos
  3177 | D:3      | Reached XP level 6. HP: 32/32 MP: 12/16
  3417 | D:3      | Reached skill level 6 in Spellcasting
  3453 | D:3      | Reached ** piety under Dithmenos
  4101 | D:4      | Reached XP level 7. HP: 36/36 MP: 17/19
  4211 | D:4      | Found a blossoming altar of Fedhas.
  4221 | D:4      | Noticed an oklob plant
  4685 | D:5      | Entered Level 5 of the Dungeon
  4778 | D:5      | Found a staircase to the Ecumenical Temple.
  4786 | D:5      | Reached skill level 7 in Spellcasting
  5147 | D:5      | Reached skill level 5 in Hexes
  5634 | D:5      | Reached skill level 8 in Spellcasting
  5634 | D:5      | Reached XP level 8. HP: 41/41 MP: 14/22
  5712 | D:5      | Reached skill level 5 in Translocations
  6281 | D:6      | Found Gen Loca's Antique Armour Shop.
  6293 | D:6      | Found a hazy altar of Hepliaklqana.
  6349 | D:6      | Noticed Menkaure
  6352 | D:6      | Killed Menkaure
  6355 | D:6      | Reached *** piety under Dithmenos
  6900 | D:6      | Reached skill level 9 in Spellcasting
  6987 | D:6      | Found a glowing golden altar of the Shining One.
  7001 | D:6      | Noticed Sigmund
  7009 | D:6      | Killed Sigmund
  7076 | D:6      | Noticed Duvessa
  7082 | D:6      | Killed Duvessa
  7169 | D:6      | Found a runed translucent door.
  7174 | D:6      | Noticed LaGuigne83's ghost (novice TrMo)
  7188 | D:6      | Noticed Dowan
  7191 | D:6      | Killed Dowan
  7191 | D:6      | Reached XP level 9. HP: 45/45 MP: 8/24
  7853 | D:7      | Found an ornate altar of the Wu Jian Council.
  7892 | D:7      | Found a shimmering blue altar of Sif Muna.
  8016 | D:7      | Found a burning altar of Makhleb.
  8099 | D:7      | Found Ugay's Weapon Boutique.
  8114 | D:7      | Reached skill level 10 in Spellcasting
  8289 | D:7      | Found an ornate altar of the Wu Jian Council.
  8293 | D:7      | Reached **** piety under Dithmenos
  9025 | D:7      | Gained mutation: You are partially covered in rugged brown
                  | scales. (AC +1, +3% HP) [potion of mutation]
  9025 | D:7      | Gained mutation: You are clumsy. (Dex -2) [potion of
                  | mutation]
  9025 | D:7      | Gained mutation: You are partially covered in molten
                  | scales. (AC +2) [potion of mutation]
  9025 | D:7      | Gained mutation: Your mind is acute. (Int +2) [potion of
                  | mutation]
  9209 | D:8      | Reached skill level 11 in Spellcasting
  9375 | D:8      | Noticed a two-headed ogre
  9375 | D:8      | Noticed p0werm0de's ghost (novice DDFi)
  9398 | D:8      | Found a transporter.
  9457 | D:8      | Noticed Erica
  9468 | D:8      | Killed Erica
  9468 | D:8      | Reached skill level 10 in Hexes
  9468 | D:8      | Reached XP level 10. HP: 51/51 MP: 14/27
  9622 | D:8      | Found a transporter.
  9880 | D:8      | Found Noptokez's Weapon Boutique.
 10009 | D:8      | Found Larph's Antique Armour Shoppe.
 10065 | D:8      | Found Fuystes's Assorted Antiques.
 10400 | D:9      | Reached ***** piety under Dithmenos
 10432 | D:8      | Bought a kite shield for 103 gold pieces
 10647 | D:9      | Found a runed translucent door.
 10655 | D:9      | Found a runed translucent door.
 10659 | D:9      | Noticed an obsidian statue
 10714 | D:9      | Found a runed translucent door.
 10728 | D:9      | Found a runed translucent door.
 10875 | D:9      | Reached skill level 1 in Fighting
 10917 | D:9      | Reached skill level 1 in Shields
 11240 | D:9      | Found a glowing golden altar of the Shining One.
 11531 | D:10     | Entered Level 10 of the Dungeon
 11603 | D:10     | Noticed Erolcha
 11617 | D:10     | Killed Erolcha
 11617 | D:10     | Reached skill level 12 in Spellcasting
 11817 | D:10     | Noticed an elephant
 11823 | D:10     | Found a staircase to the Lair.
 11839 | D:10     | Slain by a crocodile

Illustrated notes

Levels and vault maps discovered:
D:1:      zelgadis_glass_arrival_small, layout_basic, minmay_tromino_i2
D:2:      wad_crossroads, layout_basic, fiery_altar_vehumet, first_ration,
          okawaru_ov_weapons_minmay
D:3:      minmay_goblin_kobold_castle, layout_rooms, lemuel_doored_altar,
          grunt_dithmenos_smoke
D:4:      layout_cave_pools, tgw_fedhas, minmay_goblin_outpost
D:5:      layout_loops_corners, temple_fountains
D:6:      layout_basic, tso_metal_star, overflow_temple_1_default, serial_shops,
          shop, gammafunk_ghost_grave, uniq_duvessa, uniq_menkaure, uniq_sigmund
D:7:      layout_basic, bloody_makhleb,
          chequers_temple_overflow_statue_of_worship, serial_shops,
          kennysheep_mini, kennysheep_flooded_box, minmay_fire_ice_demons
D:8:      layout_loops_corners, serial_shops, nicolae_shop_trees,
          nicolae_shop_temple_entry_statues_fountains, shop_fountains,
          gammafunk_ghost_smash, grunt_pizzeria, st_stairs_2, solitary_fountain,
          uniq_erica
D:9:      layout_roguey, basic_altar, minmay_statue_crystal_thing
D:10:     layout_loops_ring, david_lair_generic, nicolae_trove_entry_crossroad,
          uniq_erolcha

Skill      XL: |  1  2  3  4  5  6  7  8  9 10 |
---------------+-------------------------------+-----
Spellcasting   | 4 5 6 8 9 11 12 | 12.0
Conjurations   | 5 |  5.5
Hexes          | 1 2 4 5 8 10 | 10.9
Translocations | 1 2 3 4 6 8 9 |  9.3
Fighting       | 2 |  2.6
Shields        | 2 |  2.3
Dodging        | |  2.6
Stealth        | |  2.4

Action                   |  1- 3 |  4- 6 |  7- 9 | 10-12 || total
-------------------------+-------+-------+-------+-------++-------
Throw: Dart              |       |       |     1 |       ||     1
 Cast: Magic Dart        |    70 |   115 |   175 |    55 ||   415
       Searing Ray       |     1 |     7 |    44 |    21 ||    73
       Fulminant Prism   |       |     1 |    15 |     9 ||    25
       Iskenderun's Myst |       |       |     7 |    14 ||    21
  Use: Scroll            |     1 |     5 |    12 |     6 ||    24
       Potion            |       |       |     1 |     1 ||     2
  Eat: Chunk             |     2 |     8 |    13 |     3 ||    26
       Ration            |       |       |     1 |     1 ||     2
Armor: Robe              |     2 |     2 |     5 |    17 ||    26
Dodge: Dodged            |    12 |    20 |    47 |    35 ||   114
Block: Kite shield       |       |       |       |    15 ||    15
